 Dungeon Crawl Stone Soup version 0.26.0-16-gc1dbca0489 (webtiles) character file.

Game seed: 4971562635005712939

39 EnegeticOcto the Insei (level 3, -1/28 HPs)
             Began as a Gnoll Transmuter on Jan 18, 2021.
             Killed by divine providence
             ... invoked by an orc priest
              (14 damage)
             ... on level 4 of the Dungeon.
             The game lasted 00:02:18 (283 turns).

EnegeticOcto the Insei (Gnoll Transmuter)            Turns: 283, Time: 00:02:18

Health: -1/28      AC:  5    Str: 18    XL:     3   Next: 45%
Magic:  8/9        EV: 10    Int: 16    God:
Gold:   112        SH:  8    Dex: 15    Spells: 11/12 levels left

rFire    + . .     SeeInvis .     - Unarmed
rCold    + . .     Faith    .   l - +0 kite shield (curse)
rNeg     . . .     Spirit   .   f - +0 ring mail
rPois    +         Reflect  .   (helmet currently unavailable)
rElec    +         Harm     .   (no cloak)
rCorr    +         Rampage  .   (no gloves)
Will     .....                  (boots currently unavailable)
Stlth    +.........             b - amulet of regeneration
HPRegen  0.49/turn              c - +6 ring of strength
MPRegen  0.11/turn              (no ring)

@: appendages, resistant, flying, hasted, very quick
A: distributed training, fangs 1, horns 2, talons 2, strong nose
a: End Transformation


You were on level 4 of the Dungeon.
You had grown temporary horns.
You had grown temporary talons.
You visited 1 branch of the dungeon, and saw 4 of its levels.

You collected 112 gold pieces.

Inventory:

Armour
 a - a +0 robe
 f - a +0 ring mail (worn)
   (You found it on level 2 of the Dungeon)
 i - a +0 buckler
   (You found it on level 2 of the Dungeon)
 l - a cursed +0 kite shield (worn)
   (You found it on level 4 of the Dungeon)
Jewellery
 b - an amulet of regeneration (around neck)
   (You found it on level 2 of the Dungeon)
 c - a +6 ring of strength (left hand)
   (You found it on level 2 of the Dungeon)
Scrolls
 e - a scroll of remove curse {unknown}
Potions
 k - 2 potions of degeneration {unknown}


   Skills:
 + Level 2.6 Fighting
 + Level 0.8 Short Blades
 + Level 0.8 Long Blades
 + Level 0.8 Axes
 + Level 0.8 Maces & Flails
 + Level 0.8 Polearms
 + Level 0.8 Staves
 + Level 0.8 Slings
 + Level 0.8 Bows
 + Level 0.8 Crossbows
 + Level 0.8 Throwing
 + Level 0.8 Armour
 + Level 4.5 Dodging
 + Level 0.8 Stealth
 + Level 0.8 Shields
 + Level 6.5 Unarmed Combat
 + Level 5.0 Spellcasting
 + Level 0.5 Conjurations
 + Level 0.5 Hexes
 + Level 0.5 Summonings
 + Level 0.5 Necromancy
 + Level 0.5 Translocations
 + Level 3.7 Transmutations
 + Level 0.5 Fire Magic
 + Level 0.5 Ice Magic
 + Level 0.5 Air Magic
 + Level 0.5 Earth Magic
 + Level 0.5 Poison Magic
 + Level 1.0 Invocations
 + Level 0.8 Evocations


You had 11 spell levels left.
You knew the following spells:

 Your Spells              Type           Power        Failure   Level
a - Beastly Appendage     Tmut           32%          36%         1

Your spell library contained the following spells:

 Spells                   Type           Power        Failure   Level
 Wereblood                Tmut           16%          50%         2
 Spider Form              Tmut/Pois      5%           91%         3
 Ice Form                 Ice/Tmut       11%          100%        4
 Blade Hands              Tmut           8%           100%        5


Dungeon Overview and Level Annotations

Branches:
Dungeon (4/15)
 Temple: D:4-7

Altars:


Innate Abilities, Weirdness & Mutations

Your experience applies equally to all skills.
You have very sharp teeth.
Your uncanny sense of smell can sniff out nearby items.
You have a pair of horns on your head.
You have razor-sharp toenails.


Message History

a +0 dagger; a buckler You start putting on your armour.
You continue putting on your buckler.
Your transformation is almost over.
You continue putting on your buckler. x2
HP restored.
You continue putting on your buckler.
You finish putting on your +0 buckler.
j - a silvery potion Your horns disappear.
Your talons disappear.
Found a ruby potion.
You now have 82 gold pieces (gained 10).
You now have 88 gold pieces (gained 6).
You now have 101 gold pieces (gained 13).
Found a ruby potion.
k - a ruby potion
k - 2 ruby potions (gained 1)
(D) Dungeon
Where to? (Enter - D:2, ? - help)
There is a stone staircase leading down here.
You climb downwards.
There is a stone staircase leading up here.
Found a stone staircase leading down.
(D) Dungeon
Where to? (Enter - D:3, ? - help)
There is a stone staircase leading down here.
You climb downwards.
You hear the hiss of flowing sand.
There is an entrance to an ossuary on this level.
Hurry and find it before the portal is buried!
A centaur skeleton comes into view.
Found 22 sling bullets, a runed kite shield and 11 gold pieces.
Found a stone staircase leading up.
There is a stone staircase leading up here.
Casting: Beastly Appendage (safe; 11% risk of failure)
Confirm with . or Enter, or press ? or * to list all spells.
You grow a pair of large bovine horns.
Your feet morph into talons.
You punch the centaur skeleton!
The centaur skeleton is moderately damaged.
The centaur skeleton barely misses you.
The centaur skeleton hits you but does no damage.
You punch the centaur skeleton! You headbutt the centaur skeleton.
The centaur skeleton is almost destroyed.
The centaur skeleton closely misses you.
You hit the centaur skeleton. You claw the centaur skeleton.
You destroy the centaur skeleton!
Your Spellcasting skill increases to level 5!
You have reached level 3!
Your experience leads to an increase in your attributes!
Your base attributes are Str 12, Int 15, Dex 15.
Increase (s)trength, (i)ntelligence, or (d)exterity?
You feel clever.
You see here a runed kite shield.
You start removing your armour.
You continue taking off your +0 buckler. x4
You finish taking off your +0 buckler.
You start putting on your armour.
You continue putting on your runed kite shield. x5
You finish putting on your cursed +0 kite shield.
Oops, that feels deathly cold.
You now have 112 gold pieces (gained 11).
You see here 22 sling bullets.
Your transformation is almost over.
A worker ant, 2 orcs, 2 orc priests and an orc wizard come into view.
An orc is wielding a +2 hand axe of draining.
The orc priest shouts! x2; The orc shouts!
The orc priest looks satisfied for a moment.
It was a potion of heal wounds.
You feel much better.
It was a potion of flight.
You feel very buoyant.
You fly up into the air.
It was a potion of resistance.
You feel protected.
Your horns disappear.
Your talons disappear.
It was a potion of haste.
You feel yourself speed up.
Okay, then.
Casting: Beastly Appendage (safe; 36% risk of failure)
Confirm with . or Enter, or press ? or * to list all spells.
You grow a pair of large bovine horns.
Your feet morph into talons.
You punch the orc!
You kill the orc!
The orc wizard casts a spell at you. The puff of flame hits you. You resist.
Your Invocations skill increases to level 1!
The orc priest looks encouraged for a moment.
You block the orc wizard's attack.
You see here a +2 hand axe of draining.
You closely miss the orc wizard.
The orc shouts!
Your kick misses the orc wizard.
The orc priest invokes the aid of Beogh against you.
Beogh smites you! You block the orc priest's attack.
You hit the orc priest. You bite the orc priest.
The orc priest is heavily wounded.
The orc wizard casts a spell at you. The puff of frost hits you. You resist.
The orc priest hits you with a +0 flail.
You hit the orc priest. Your headbutt misses the orc priest.
The orc priest is severely wounded.
The orc priest calls down the wrath of Beogh upon you.
Beogh smites you!
Ouch! That really hurt!
You die...

#.......#.......
##..............
#...............#
#................
#................
#.......<.......#
#................
#........o......#
##...(..@o.......
##.....#oo...##
#######.....# ∆
...#### ....#
..o.## ..o..#
.B....# ########


You could see 2 orc priests, an orc wizard and an orc.

Vanquished Creatures
  A centaur skeleton (D:4)
  A leopard gecko (D:2)
  An orc (D:4)
  A ball python (D:2)
  2 goblins (D:2)
  A quokka (D:2)
  A frilled lizard (D:2)
  A rat (D:2)
9 creatures vanquished.

Notes
Turn   | Place    | Note
-------+----------+-------------------------------------------
     0 | D:1      | EnegeticOcto the Gnoll Transmuter began the quest for the
                  | Orb.
     0 | D:1      | Reached XP level 1. HP: 17/17 MP: 6/6
   154 | D:2      | Reached XP level 2. HP: 20/23 MP: 5/7
   250 | D:4      | Reached skill level 5 in Spellcasting
   250 | D:4      | Reached XP level 3. HP: 28/28 MP: 6/9
   280 | D:4      | Reached skill level 1 in Invocations
   283 | D:4      | Killed from afar by an orc priest

Illustrated notes

Levels and vault maps discovered:
D:1:      dpeg_arrival_pits, layout_basic
D:2:      layout_rooms
D:3:      kennysheep_goblin_castle, layout_basic, grunt_qazlal_clouds
D:4:      layout_rooms, serial_shops, nicolae_shop_behind_doors,
          nicolae_ossuary_entry_plus

Skill      XL: |  1  2  3 |
---------------+----------+-----
Spellcasting   | 5 |  5.0
Invocations    | 1 |  1.0
Fighting       | |  2.6
Short Blades   | |  0.8
Long Blades    | |  0.8
Axes           | |  0.8
Maces & Flails | |  0.8
Polearms       | |  0.8
Staves         | |  0.8
Slings         | |  0.8
Bows           | |  0.8
Crossbows      | |  0.8
Throwing       | |  0.8
Armour         | |  0.8
Dodging        | |  4.5
Stealth        | |  0.8
Shields        | |  0.8
Unarmed Combat | |  6.5
Conjurations   | |  0.5
Hexes          | |  0.5
Summonings     | |  0.5
Necromancy     | |  0.5
Translocations | |  0.5
Transmutations | |  3.7
Fire Magic     | |  0.5
Ice Magic      | |  0.5
Air Magic      | |  0.5
Earth Magic    | |  0.5
Poison Magic   | |  0.5
Evocations     | |  0.8

Action                   || total
-------------------------++-------
Melee: Unarmed           ||    18
       Kick              ||     2
       Headbutt          ||     1
       Bite              ||     1
 Cast: Beastly Appendage ||     4
  Use: Potion            ||     4
 Stab: Sleeping          ||     1
Armor: Ring mail         ||     1
Dodge: Dodged            ||     4
Block: Kite shield       ||     2
